 Dungeon Crawl Stone Soup version 0.21-a0-346-g330ab2c (webtiles) character file.

189948 Hasart the Brawler (level 17, -24/131 HPs)
             Began as a Demonspawn Fighter on Oct 5, 2017.
             Was a Priest of Uskayaw.
             Killed from afar by a shock serpent (25 damage)
             ... with a bolt of electricity
             ... on level 3 of the Snake Pit.
             The game lasted 01:23:45 (39788 turns).

Hasart the Brawler (Demonspawn Fighter)            Turns: 39788, Time: 01:23:46

Health: -24/131    AC: 14    Str: 27    XL:     17   Next: 52%
Magic:  37/37      EV: 21    Int: 13    God:    Uskayaw [***...]
Gold:   1095       SH: 35    Dex: 20    Spells: 16/16 levels left

rFire    + . .     SeeInvis .     - Unarmed
rCold    + + +     Gourm    .   Q - +4 large shield {rC+}
rNeg     . . .     Faith    .   G - +0 scale mail of Going Fast {rPois Str+5 Slay+3}
rPois    +         Spirit   .   O - +0 hat of True Grit {rC+ MR+ Stlth+}
rElec    .         Reflect  +   i - +0 cloak
rCorr    .         Harm     .   (gloves unavailable)
MR       +++..                  d - +2 pair of boots
Stlth    ++++......             h - +3 amulet of reflection
HPRegen  0.31/turn              b - ring of protection from magic
MPRegen  0.25/turn              a - ring of Exhibitionism {+Blink rPois rF+ MP+9 Str+2}

@: agile
A: claws 3, large bone plates 3, agile 1, blink, clever 1, cold resistance 1,
powered by pain 3, weak 1
}: 1/15 runes: decaying
a: Blink, Stomp, Line Pass, Renounce Religion, Evoke Blink


You were on level 3 of the Snake Pit.
You worshipped Uskayaw.
Uskayaw was pleased with you.
You were not hungry.

You visited 6 branches of the dungeon, and saw 31 of its levels.
You also visited: Ice Cave.

You collected 3495 gold pieces.
You spent 2400 gold pieces at shops.

Inventory:

Missiles
 w - a throwing net
 W - 8 javelins (quivered)
Armour
 d - a +2 pair of boots (worn)
 i - a +0 cloak (worn)
 G - the +0 scale mail of Going Fast (worn) {rPois Str+5 Slay+3}
   (You bought it in a shop on level 7 of the Dungeon)

   It affects your strength (+5).
   It affects your accuracy and damage with ranged weapons and melee attacks
   (+3).
   It protects you from poison.
 O - the +0 hat of True Grit (worn) {rC+ MR+ Stlth+}
   (You found it in an ice cave)

   It protects you from cold.
   It affects your resistance to hostile enchantments.
   It makes you more stealthy.
 Q - a +4 large shield of cold resistance (worn)
Jewellery
 a - the ring of Exhibitionism (right claw) {+Blink rPois rF+ MP+9 Str+2}
   (You bought it in a shop on level 1 of the Snake Pit)

   [ring of magical power]

   It affects your strength (+2).
   It protects you from fire.
   It protects you from poison.
   It affects your magic capacity (+9).
   It lets you blink.
 b - a ring of protection from magic (left claw)
 c - an uncursed ring of see invisible
 h - a +3 amulet of reflection (around neck)
 r - an uncursed amulet of regeneration
 t - an uncursed ring of positive energy
 F - an uncursed ring of resist corrosion
 Y - a +3 ring of dexterity
Wands
 D - a wand of scattershot (6/9)
 L - a wand of iceblast (11/15)
 N - a wand of acid (6/15)
 R - a wand of paralysis (11/24)
Scrolls
 j - 16 scrolls of identify
 l - 8 scrolls of remove curse
 m - a scroll of amnesia
 o - 6 scrolls of blinking
 p - 5 scrolls of magic mapping
 u - 8 scrolls of teleportation
Potions
 e - 4 potions of resistance
 k - 6 potions of flight
 n - 7 potions of curing
 q - 2 potions of invisibility
 z - a potion of magic
 E - 9 potions of heal wounds
 H - a potion of cancellation
 P - 4 potions of might
 U - 2 potions of haste
 Z - a potion of ambrosia
Books
 g - a book of Battle

   Spells                             Type                      Level
   a - Infusion                       Charms                       1
   b - Shroud of Golubria             Charms/Translocation         2
   c - Song of Slaying                Charms                       2
   d - Spectral Weapon                Hexes/Charms                 3
   e - Regeneration                   Charms/Necromancy            3
 v - a book of the Earth

   Spells                             Type                      Level
   a - Leda's Liquefaction            Hexes/Earth                  4
   b - Bolt of Magma                  Conjuration/Fire/Earth       5
   c - Statue Form                    Transmutation/Earth          6
   d - Iron Shot                      Conjuration/Earth            6
   e - Shatter                        Earth                        9
Miscellaneous
 s - a fan of gales
 y - a phantom mirror
 S - a box of beasts
Comestibles
 f - 16 bread rations
 x - a royal jelly


   Skills:
 + Level 11.1 Fighting
   Level 2.5 Long Blades
 - Level 5.4 Throwing
 + Level 11.2 Armour
 + Level 10.7 Dodging
 - Level 5.1 Stealth
 + Level 11.1 Shields
 * Level 15.9 Unarmed Combat
 + Level 15.2 Invocations
 - Level 3.4 Evocations


You had 16 spell levels left.
You didn't know any spells.

Dungeon Overview and Level Annotations

Branches:
Dungeon (15/15)            Temple (1/1) D:5            Lair (6/6) D:11
  Swamp (4/4) Lair:2        Snake (3/4) Lair:3        Slime (0/5) Lair:6
    Orc (2/2) D:12            Elf (0/3) Orc:2        Vaults (0/5) D:13
 Depths (0/5) D:15

Altars:
Ashenzari
Cheibriados
Dithmenos
Elyvilon
Fedhas
Gozag
Hepliaklqana
Kikubaaqudgha
Makhleb
Nemelex Xobeh
Okawaru
Qazlal
Ru
Sif Muna
Trog
Uskayaw
Vehumet
Wu Jian
Xom
Yredelemnul
Zin
The Shining One
Lugonu

Shops:
D:7 [   Orc:2 =![*   Snake:1 =[!?*

Annotations:
D:10 1 transporter


Innate Abilities, Weirdness & Mutations

You have claws for hands.
You are completely covered in large bone plates. (SH +8)
Your flesh is cold resistant. (rC+)
You are powered by pain.
You are agile. (Dex +2)
You can translocate small distances at will.
Your mind is acute. (Int +2)
You are weak. (Str -2)


Message History

Uskayaw will force your foes to helplessly watch your dance.
You claw the shock serpent!
The shock serpent is heavily wounded.
The shock serpent's electric aura discharges, shocking you!
The shock serpent shoots out a bolt of lightning at you!
The bolt of electricity hits you! The bolt of electricity misses you.
The shock serpent shoots out a bolt of lightning at you!
The bolt of electricity hits you! x2
* * * LOW HITPOINT WARNING * * *
You focus on the pain.
You feel agile all of a sudden.
You mangle the shock serpent!!
The shock serpent is almost dead.
The shock serpent's electric aura discharges, shocking you!
* * * LOW HITPOINT WARNING * * *
The shock serpent shoots out a bolt of lightning at you!
The bolt of electricity hits you!
* * * LOW HITPOINT WARNING * * *
The bolt of electricity hits you!
You die...

...####.......## ...#
#.........#
..###.........## ###
#..........# #
#...........## #
#..........†..###
###...............##
.##................###..
## ..........#.@.......
........###S...####
#...... .....# #####..
.......# ...#........#
#.# ..........#
#...........
##..........


You could see a shock serpent.

Vanquished Creatures
  A bone dragon (Swamp:4)
  Kirke (Lair:6)
  Roxanne (Snake:2)
  A frost giant (IceCv)
  An emperor scorpion (D:15)
  Louise (Swamp:4)
  Aizul (Snake:2)
  A dire elephant (D:15)
  2 vault guards (D:13)
  Erolcha (D:8)
  5 ogre magi
  A ghost crab (Swamp:4)
  7 naga warriors
  3 anacondas
  4 centaur warriors
  14 hydras
  15 two-headed ogres
  A death knight (D:11)
  7 alligators
  4 death yaks (Lair:6)
  A tengu warrior (D:12)
  7 naga sharpshooters
  5 shock serpents
  4 orc high priests
  The ghost of Rhok the Basher, a novice GrFi of Okawaru (D:8)
  A skeletal warrior (D:12)
  An unseen horror (D:15)
  2 spriggan druids
  2 wizards (D:13)
  A spectral hydra (Swamp:4)
  4 swamp dragons
  Pikel (D:9)
  2 phantasmal warriors (Swamp:4)
  3 shambling mangroves
  4 orc knights
  2 necromancers (D:13)
  A harpy (Lair:5)
  2 manticores
  3 ugly things
  4 salamanders
  2 cyclopes
  4 deep elf magi
  4 orc sorcerers
  10 elephants
  3 centaur zombies
  4 guardian serpents
  22 black mambas
  An ice statue (IceCv)
  3 gargoyles
  8 naga magi
  19 spiny frogs
  4 centaur skeletons
  10 komodo dragons
  2 freezing wraiths
  3 rime drakes
  A yaktaur (D:13)
  4 kobold demonologists
  An efreet (D:12)
  2 swamp worm zombies (Swamp:4)
  5 hydra zombies (Swamp:4)
  5 tyrant leeches
  8 trolls
  3 wind drakes (Lair:6)
  7 hornets
  16 bog bodies
  20 polar bears
  17 slime creatures
  4 dream sheep (Lair:6)
  13 hippogriffs
  4 spectral swamp dragons (Swamp:4)
  3 alligator zombies (Swamp:4)
  10 blink frogs
  2 shadows
  5 wyverns
  Sigmund (D:5)
  4 spriggans
  5 wraiths
  44 yaks
  5 basilisks
  Menkaure (D:4)
  A hungry ghost (D:10)
  5 hogs
  18 humans
  20 vampire mosquitoes
  An acid dragon (D:15)
  15 swamp worms
  3 wargs
  21 insubstantial wisps
  Edmund (D:4)
  19 nagas
  Duvessa (D:4)
  24 water moccasins
  2 swamp dragon zombies (Swamp:4)
  5 swamp drakes
  6 porcupines
  3 black bears
  13 ice beasts
  7 sky beasts
  10 phantoms
  23 orc warriors
  26 ogres
  A necrophage (D:6)
  16 wolves
  12 centaurs
  16 crocodiles
  13 big kobolds
  16 bullfrogs
  5 scorpions
  Dowan (D:4)
  13 killer bees
  7 wights
  3 electric eels
  7 jellies
  3 bullfrog zombies
  8 crimson imps
  20 orc priests
  The ghost of namelastname112 the Sneak, a weakling FeWn (D:3)
  10 hounds
  3 bullfrog skeletons
  4 iguanas
  33 orc wizards
  2 spectral swamp drakes (Swamp:4)
  9 worker ants
  A hound zombie (D:8)
  A hound skeleton (D:9)
  A worker ant zombie (D:10)
  15 adders
  3 gnolls (D:6)
  A howler monkey skeleton (D:4)
  A shadow imp (D:10)
  4 oozes
  An adder skeleton (D:6)
  3 worms
  A dart slug (D:1)
  11 leopard geckos
  88 orcs
  5 bats
  5 giant cockroaches
  6 goblins
  9 hobgoblins
  7 jackals
  38 kobolds
  4 quokkas
  2 ball pythons (Lair:3)
  5 frilled lizards
  A quokka zombie (D:9)
  4 rats
  A plant (Lair:6)
1057 creatures vanquished.

Vanquished Creatures (collateral kills)
  A naga warrior (Snake:1)
  2 nagas (Snake:1)
3 creatures vanquished.

Vanquished Creatures (others)
  An elephant (Lair:6)
  A hornet (Swamp:2)
  A spectral swamp dragon (Swamp:4)
  A spriggan (Swamp:2)
  A human (Lair:6)
  2 centaurs
  An orc wizard (D:4)
  12 fungi
  29 plants
49 creatures vanquished.

Grand Total: 1109 creatures vanquished

Notes
Turn   | Place    | Note
-------+----------+-------------------------------------------
     0 | D:1      | Hasart the Demonspawn Fighter began the quest for the Orb.
     0 | D:1      | Reached XP level 1. HP: 18/18 MP: 1/1
   123 | D:1      | Gained mutation: You have sharp fingernails. [demonic ancestry]
   123 | D:1      | Reached XP level 2. HP: 10/24 MP: 2/2
   435 | D:1      | Reached skill level 1 in Unarmed Combat
   757 | D:1      | Gained mutation: You are partially covered in large bone plates. (SH +4) [demonic ancestry]
   757 | D:1      | Reached XP level 3. HP: 26/29 MP: 3/3
  1181 | D:2      | Found a sparkling altar of Nemelex Xobeh.
  1182 | D:2      | Found a shattered altar of Ashenzari.
  1262 | D:2      | Reached XP level 4. HP: 25/35 MP: 4/4
  1422 | D:2      | Found a white marble altar of Elyvilon.
  1555 | D:2      | Found an iron altar of Okawaru.
  1713 | D:2      | Found a glowing silver altar of Zin.
  1969 | D:2      | Found a bloodstained altar of Trog.
  1975 | D:2      | Found a burning altar of Makhleb.
  2254 | D:3      | Noticed namelastname112's ghost (weakling FeWn)
  2314 | D:3      | Killed namelastname112's ghost
  2354 | D:3      | Gained mutation: Your flesh is cold resistant. (rC+) [demonic ancestry]
  2354 | D:3      | Reached XP level 5. HP: 29/41 MP: 5/5
  2637 | D:3      | Found a sacrificial altar of Ru.
  3153 | D:3      | Noticed a sky beast
  3192 | D:3      | Killed a sky beast
  3192 | D:3      | Reached skill level 5 in Unarmed Combat
  3192 | D:3      | Reached XP level 6. HP: 24/47 MP: 6/6
  3617 | D:4      | Noticed Dowan
  3656 | D:4      | Killed Dowan
  3996 | D:4      | Gained mutation: You are mostly covered in large bone plates. (SH +6) [demonic ancestry]
  3996 | D:4      | Reached XP level 7. HP: 39/52 MP: 7/7
  4110 | D:4      | Noticed Duvessa
  4128 | D:4      | Killed Duvessa
  4340 | D:4      | Noticed Edmund
  4358 | D:4      | Killed Edmund
  4439 | D:4      | Noticed Menkaure
  4440 | D:4      | Identified the Compendium of Wondrous Power
  4459 | D:4      | Killed Menkaure
  4459 | D:4      | Gained mutation: You sometimes gain a little power by taking damage. [demonic ancestry]
  4459 | D:4      | Reached XP level 8. HP: 13/58 MP: 8/8
  4698 | D:4      | Gained mutation: You are agile. (Dex +2) [potion of mutation]
  4698 | D:4      | Gained mutation: You can translocate small distances at will. [potion of mutation]
  4698 | D:4      | Gained mutation: You are weak. (Str -2) [potion of mutation]
  4698 | D:4      | Gained mutation: Your mind is acute. (Int +2) [potion of mutation]
  4999 | D:5      | Entered Level 5 of the Dungeon
  5006 | D:5      | Found a staircase to the Ecumenical Temple.
  5015 | D:5      | Noticed Sigmund
  5021 | Temple   | Entered the Ecumenical Temple
  5059 | Temple   | Became a worshipper of Uskayaw the Reveler
  5096 | D:5      | Reached * piety under Uskayaw
  5102 | D:5      | Reached ** piety under Uskayaw
  5129 | D:5      | Reached *** piety under Uskayaw
  5130 | D:5      | Killed Sigmund
  5738 | D:6      | Got a dazzling chain mail
  5749 | D:6      | Identified the cursed +1 chain mail of the Louse {-Cast *Drain MR+++ rCorr} (You found it on level 6 of the Dungeon)
  5799 | D:5      | Reached skill level 1 in Invocations
  6179 | D:6      | Reached skill level 1 in Dodging
  6187 | D:6      | Reached **** piety under Uskayaw
  6190 | D:6      | Reached ***** piety under Uskayaw
  6208 | D:6      | Gained mutation: You sometimes gain power by taking damage. [demonic ancestry]
  6208 | D:6      | Reached XP level 9. HP: 52/62 MP: 11/11
  7306 | D:7      | Found a glowing silver altar of Zin.
  7351 | D:7      | Reached ****** piety under Uskayaw
  7746 | D:7      | Reached skill level 10 in Unarmed Combat
  7778 | D:7      | Found Zigokeel's Antique Armour Shop.
  7784 | D:7      | Bought a distressingly furry scale mail for 279 gold pieces
  7794 | D:7      | Identified the +0 scale mail of Going Fast {rPois Str+5 Slay+3} (You bought it in a shop on level 7 of the Dungeon)
  7879 | D:7      | Found a stormy altar of Qazlal.
  7879 | D:7      | Found a radiant altar of Vehumet.
  8024 | D:7      | Reached skill level 5 in Invocations
  8324 | D:8      | Reached XP level 10. HP: 59/71 MP: 14/14
  8481 | D:8      | Reached skill level 5 in Fighting
  8529 | D:8      | Noticed Rhok's ghost (novice GrFi)
  8554 | D:8      | Killed Rhok's ghost
  8828 | D:8      | Found an ancient bone altar of Kikubaaqudgha.
  9073 | D:8      | Noticed a two-headed ogre
  9084 | D:8      | Killed a two-headed ogre
  9084 | D:8      | Reached skill level 5 in Armour
  9180 | D:8      | Reached skill level 5 in Shields
  9978 | D:9      | Noticed Erolcha
 10011 | D:8      | Killed Erolcha
 10011 | D:8      | Reached skill level 1 in Stealth
 10022 | D:9      | Reached XP level 11. HP: 58/79 MP: 17/17
 10670 | D:9      | Noticed Pikel
 10681 | D:9      | Killed Pikel
 10817 | D:9      | You fall through a shaft!
 10817 | D:10     | Entered Level 10 of the Dungeon
 10920 | D:10     | Reached skill level 1 in Throwing
 11007 | D:10     | Found a transporter.
 11010 | D:10     | Found a corrupted altar of Lugonu.
 11028 | D:10     | Found a radiant altar of Vehumet.
 11641 | D:10     | Noticed a purple ugly thing
 11641 | D:10     | Noticed a white ugly thing
 11641 | D:10     | Noticed a red ugly thing
 11642 | D:10     | Noticed a green ugly thing
 11644 | D:10     | Noticed a green ugly thing
 11689 | D:11     | Found a staircase to the Lair.
 11701 | Lair:1   | Entered Level 1 of the Lair of Beasts
 11713 | Lair:1   | Reached skill level 10 in Invocations
 11803 | Lair:1   | Found a frozen archway.
 11893 | Lair:1   | Reached skill level 5 in Dodging
 11970 | IceCv    | Entered an ice cave
 12095 | IceCv    | HP: 2/79 [polar bear (15)]
 12999 | IceCv    | Gained mutation: You have very sharp fingernails. [demonic ancestry]
 12999 | IceCv    | Reached XP level 12. HP: 69/87 MP: 20/20
 13397 | IceCv    | Noticed a frost giant
 13430 | IceCv    | Killed a frost giant
 13453 | IceCv    | Got a faintly glowing hat
 13484 | IceCv    | Identified the +0 hat of True Grit {rC+ MR+ Stlth+} (You found it in an ice cave)
 14130 | Lair:1   | Identified the Incunabulum of the Vitriolic Mountains
 14610 | Lair:2   | Found a staircase to the Swamp.
 14615 | Lair:2   | Noticed a seven-headed hydra
 14625 | Lair:2   | Killed a seven-headed hydra
 14872 | Lair:2   | Noticed a four-headed hydra
 14883 | Lair:2   | Killed a four-headed hydra
 15628 | Lair:3   | Reached skill level 5 in Stealth
 16106 | Lair:3   | Found a staircase to the Snake Pit.
 16167 | Lair:3   | Reached XP level 13. HP: 77/93 MP: 22/22
 18681 | Lair:6   | Entered Level 6 of the Lair of Beasts
 18908 | Lair:6   | Reached skill level 5 in Throwing
 19944 | Lair:6   | Noticed Kirke
 19952 | Lair:6   | Noticed a sphinx
 19969 | Lair:6   | Killed Kirke
 19981 | Lair:6   | Reached XP level 14. HP: 57/103 MP: 23/23
 21420 | Lair:6   | Found a staircase to the Slime Pits.
 22243 | D:11     | Reached skill level 1 in Evocations
 23918 | D:12     | Found a staircase to the Orcish Mines.
 24213 | Orc:1    | Entered Level 1 of the Orcish Mines
 24596 | Orc:2    | Entered Level 2 of the Orcish Mines
 24596 | Orc:2    | Found a staircase to the Elven Halls.
 24999 | Orc:2    | Found Cicluys's Assorted Antiques.
 24999 | Orc:2    | Found Pighups's Antique Armour Emporium.
 25020 | Orc:1    | Gained mutation: You are completely covered in large bone plates. (SH +8) [demonic ancestry]
 25020 | Orc:1    | Reached XP level 15. HP: 107/112 MP: 24/24
 27381 | Orc:2    | Found Foemnimm's Jewellery Boutique.
 27382 | Orc:2    | Found Giry's Distillery.
 27389 | Orc:2    | Bought an ancient chain mail for 323 gold pieces
 27390 | Orc:2    | Bought a scroll labeled DEOG WAUD OSUI for 30 gold pieces
 27390 | Orc:2    | Bought a scroll of teleportation for 90 gold pieces
 27391 | Orc:2    | Bought a potion of curing for 39 gold pieces
 27391 | Orc:2    | Bought a potion of heal wounds for 65 gold pieces
 27391 | Orc:2    | Bought a potion of heal wounds for 65 gold pieces
 27392 | Orc:2    | Bought a +3 amulet of reflection for 157 gold pieces
 27396 | Orc:2    | Identified the +3 chain mail of Lucidity {rPois rC+ Str-3 Stlth+} (You bought it in a shop on level 2 of the Orcish Mines)
 28281 | D:13     | Found a gate to the Vaults.
 29647 | D:15     | Entered Level 15 of the Dungeon
 29823 | D:15     | Reached skill level 10 in Armour
 30223 | D:15     | Found a staircase to the Depths.
 30614 | Swamp:1  | Entered Level 1 of the Swamp
 30627 | Lair:2   | Gained mutation: You are powered by pain. [demonic ancestry]
 30627 | Lair:2   | Reached XP level 16. HP: 53/121 MP: 26/26
 30636 | Lair:2   | Reached skill level 10 in Shields
 31388 | Swamp:1  | Got a transparent chain mail
 31389 | Swamp:1  | Identified the +2 chain mail of Imunuusk {rC+} (You found it on level 1 of the Swamp)
 31954 | Swamp:2  | Reached skill level 10 in Fighting
 32474 | Swamp:2  | Identified the +2 robe "Xehy" {Str+4} (You found it on level 2 of the Swamp)
 33302 | Swamp:3  | Reached skill level 15 in Unarmed Combat
 33313 | Swamp:3  | Reached skill level 10 in Dodging
 34008 | Swamp:4  | Entered Level 4 of the Swamp
 34029 | Swamp:4  | Noticed Louise
 34063 | Swamp:4  | Killed Louise
 35330 | Swamp:4  | Noticed a bone dragon
 35335 | Swamp:4  | Killed a bone dragon
 35874 | Swamp:4  | Got a decaying rune of Zot
 36449 | Snake:1  | Entered Level 1 of the Snake Pit
 36449 | Snake:1  | Found Kuibo's Jewellery Boutique.
 36452 | Snake:1  | Bought the ring of Exhibitionism {+Blink rPois rF+ MP+9 Str+2} for 741 gold pieces
 36452 | Snake:1  | Bought an uncursed ring of see invisible for 225 gold pieces
 36562 | Snake:1  | Gained mutation: You have claws for hands. [demonic ancestry]
 36562 | Snake:1  | Reached XP level 17. HP: 92/129 MP: 28/28
 37007 | Snake:1  | Found Comnaby's Antique Armour Emporium.
 37011 | Snake:1  | Bought a pair of glowing boots for 210 gold pieces
 37484 | Snake:1  | Found Askaul's Distillery.
 37493 | Snake:1  | Bought 2 potions of curing for 96 gold pieces
 37493 | Snake:1  | Bought a potion of heal wounds for 80 gold pieces
 37667 | Snake:1  | Found Raorph's Magic Scroll Boutique.
 37742 | Snake:1  | Found Vohor's General Store.
 38179 | Snake:2  | Noticed Aizul
 38194 | Snake:2  | Killed Aizul
 38437 | Snake:1  | Reached skill level 15 in Invocations
 38551 | Snake:2  | Noticed Roxanne
 38633 | Snake:2  | Killed Roxanne
 39788 | Snake:3  | HP: 1/131 [shock serpent/bolt of electricity (23)]
 39788 | Snake:3  | Killed from afar by a shock serpent

Vault maps used:
D:1:      mrwooster_arrival_arrow, lexackson_kobold_supper
D:2:      overflow_temple_1_default, lemuel_crystal_altar,
          nicolae_overflow_hidden_temple, okawaru_trees_1
D:3:      nicolae_ru_sacrificial_ziggurat
D:4:      minmay_misc_feat_pillars, minmay_a_box_with_orc_wizards_in_it,
          uniq_duvessa, uniq_edmund, uniq_menkaure
D:5:      temple_pool_b, first_bread, uniq_sigmund
D:7:      gammafunk_temple_overflow_statue, serial_shops,
          nicolae_shop_window_shopping, basic_altar, grunt_livestock
D:8:      kiku_gazebo_garden_becter
D:9:      fungi_pond_lemuel, grunt_decor_cap, uniq_erolcha, uniq_pikel
D:10:     gammafunk_corrupted_shrine, basic_altar
D:11:     lair_entry_dummy
D:12:     minmay_the_grid_plus, david_orc_3
D:13:     grunt_vaults_entry_tiered
D:14:     minmay_misc_feat_rugged
D:15:     hangedman_depths_entry_try_elsewhere_first
Temple:   cyrus_circular_temple
Lair:1:   beast_lair_carwin_large_1, portal_ice_cave_entry_ice_beasts
Lair:2:   swamp_mist_pool, wad_woods_06, serial_bayou_shore_b,
          serial_bayou_shore_b, infiniplex_staircase_pool
Lair:3:   minmay_snake_entry_six_corridors
Lair:4:   nicolae_lair_grove_arrangements, patterned_corridor,
          grunt_megastairs_3
Lair:5:   grunt_megastairs_2
Lair:6:   gammafunk_lair_ancient_temple, nicolae_slime_entry_slimehenge,
          uniq_kirke
Swamp:1:  nicolae_swamp_dense_foliage
Swamp:2:  serial_swamp_ruin, evilmike_swamp_ruin_house_5,
          hangedman_swamp_ruin_wall
Swamp:3:  evilmike_swamp_ruin_house_1, swamp_pool2, infiniplex_staircase_pool_2
Swamp:4:  swamp_pestilence, uniq_louise
Snake:1:  serial_shops, nicolae_shop_competitors_out_of_business, shop, shop,
          shop_scrolls, shop
Snake:2:  uniq_aizul, uniq_roxanne
Orc:1:    uniq_josephine
Orc:2:    st_orc_ogre_mass
IceCv:    ice_cave_small_giant

Skill      XL: |  1  2  3  4  5  6  7  8  9 10 11 12 13 14 15 16 17 |
---------------+----------------------------------------------------+-----
Long Blades    | 2 |  2.5
Unarmed Combat | 1 2 3 5 6 8 9 10 11 12 13 14 15 | 15.9
Invocations    | 3 6 9 11 12 13 14 15 | 15.2
Shields        | 3 4 5 6 7 8 9 10 11 | 11.1
Armour         | 3 4 5 6 7 8 9 10 11 | 11.2
Dodging        | 1 3 4 5 6 7 8 9 10 | 10.7
Fighting       | 4 5 7 8 9 10 11 | 11.1
Stealth        | 1 3 5 |  5.1
Throwing       | 2 4 5 |  5.4
Evocations     | 3 |  3.4

Action                   |  1- 3 |  4- 6 |  7- 9 | 10-12 | 13-15 | 16-18 || total
-------------------------+-------+-------+-------+-------+-------+-------++-------
Melee: Long sword        |    32 |       |       |       |       |       ||    32
       Unarmed           |   135 |   208 |   399 |   753 |  1552 |   958 ||  4005
Throw: Javelin           |       |       |       |       |     1 |       ||     1
Invok: Grand Finale      |       |       |       |     1 |       |     1 ||     2
       Stomp             |       |       |       |     1 |       |       ||     1
Evoke: Wand              |       |       |       |     3 |       |     1 ||     4
  Use: Potion            |       |       |    11 |     4 |     6 |     5 ||    26
       Scroll            |       |       |    10 |     5 |    14 |     9 ||    38
 Stab: Paralysed         |       |       |    11 |    57 |   133 |    74 ||   275
       Invisible         |       |       |     2 |       |       |       ||     2
       Sleeping          |       |       |       |     5 |    12 |     4 ||    21
       Distracted        |       |       |       |       |     3 |       ||     3
  Eat: Chunk             |     1 |    10 |    20 |    29 |    39 |     9 ||   108
       Royal jelly       |       |     1 |       |       |       |     2 ||     3
       Meat ration       |       |       |       |       |     1 |     1 ||     2
       Fruit             |       |       |       |       |       |     7 ||     7
       Bread ration      |       |       |       |       |       |     1 ||     1
Armor: Scale mail        |    89 |    46 |    31 |   161 |   219 |    82 ||   628
       Chain mail        |       |       |    39 |       |       |       ||    39
       Plate armour      |       |       |    50 |       |       |       ||    50
Dodge: Dodged            |    43 |    36 |    52 |   205 |   334 |   184 ||   854
Block: Shield            |   117 |   123 |   252 |   395 |       |       ||   887
       Large shield      |       |       |       |   240 |  1692 |  1069 ||  3001
       Reflection        |       |       |       |       |    34 |    55 ||    89

Table legend:
 A = Spawn XP
 B = Non-spawn XP
 C = Spawn XP percentage of total XP
 D = Spawn monster count
 E = Non-spawn monster count
 F = Spawn count percentage of total count
 G = Total turns spent on level
                    A         B        C        D         E        F      G
               +---------+---------+-------+---------+---------+-------+---------
         Total |       0 |  254872 |   0.0 |       0 |    1063 |   0.0 | 39788
               +---------+---------+-------+---------+---------+-------+---------
           D:1 |       0 |      56 |   0.0 |       0 |      30 |   0.0 |  1115
           D:2 |       0 |      90 |   0.0 |       0 |      28 |   0.0 |  1068
           D:3 |       0 |     281 |   0.0 |       0 |      11 |   0.0 |  1235
           D:4 |       0 |    1106 |   0.0 |       0 |      18 |   0.0 |  1590
           D:5 |       0 |     809 |   0.0 |       0 |      13 |   0.0 |   790
           D:6 |       0 |     931 |   0.0 |       0 |      32 |   0.0 |  1087
           D:7 |       0 |    1932 |   0.0 |       0 |      25 |   0.0 |  1313
           D:8 |       0 |    5569 |   0.0 |       0 |      39 |   0.0 |  1721
           D:9 |       0 |    3545 |   0.0 |       0 |      54 |   0.0 |  1261
          D:10 |       0 |     906 |   0.0 |       0 |      20 |   0.0 |   452
          D:11 |       0 |    5094 |   0.0 |       0 |      37 |   0.0 |  1156
          D:12 |       0 |   18893 |   0.0 |       0 |      90 |   0.0 |  1267
          D:13 |       0 |   14092 |   0.0 |       0 |      55 |   0.0 |  1189
          D:14 |       0 |    2376 |   0.0 |       0 |      10 |   0.0 |   758
          D:15 |       0 |   12410 |   0.0 |       0 |      36 |   0.0 |   828
        Lair:1 |       0 |    3477 |   0.0 |       0 |      25 |   0.0 |  1135
        Lair:2 |       0 |    7495 |   0.0 |       0 |      21 |   0.0 |  1619
        Lair:3 |       0 |    7421 |   0.0 |       0 |      41 |   0.0 |  1286
        Lair:4 |       0 |    6281 |   0.0 |       0 |      23 |   0.0 |  1030
        Lair:5 |       0 |    2583 |   0.0 |       0 |      12 |   0.0 |  1046
        Lair:6 |       0 |   24400 |   0.0 |       0 |      75 |   0.0 |  3043
       Swamp:1 |       0 |    8951 |   0.0 |       0 |      23 |   0.0 |   902
       Swamp:2 |       0 |    9378 |   0.0 |       0 |      23 |   0.0 |   899
       Swamp:3 |       0 |   14036 |   0.0 |       0 |      42 |   0.0 |  1221
       Swamp:4 |       0 |   26271 |   0.0 |       0 |      72 |   0.0 |  2265
       Snake:1 |       0 |   15946 |   0.0 |       0 |      31 |   0.0 |  1588
       Snake:2 |       0 |    9946 |   0.0 |       0 |      17 |   0.0 |  1134
       Snake:3 |       0 |   14204 |   0.0 |       0 |      27 |   0.0 |   617
         Orc:1 |       0 |   14252 |   0.0 |       0 |      48 |   0.0 |  2318
         Orc:2 |       0 |   12529 |   0.0 |       0 |      49 |   0.0 |  1046
         IceCv |       0 |    9612 |   0.0 |       0 |      36 |   0.0 |  1759
               +---------+---------+-------+---------+---------+-------+---------
